 Dungeon Crawl Stone Soup version 0.29.1-13-g9f3cf754e1 (webtiles) character file.

Game seed: 16649414325385160302

83 Thatpatchoflichen the Cudgeller (level 4, -5/48 HPs)
             Began as an Ogre Monk on Feb 11, 2023.
             Killed by divine providence
             ... invoked by an orc priest
              (15 damage)
             ... on level 3 of the Dungeon.
             The game lasted 00:06:08 (2800 turns).

Thatpatchoflichen the Cudgeller (Ogre Monk)         Turns: 2800, Time: 00:06:09

Health: -5/48      AC:  5    Str: 17    XL:     4   Next: 44%
Magic:  4/4        EV: 10    Int: 14    God:
Gold:   183        SH:  0    Dex: 11    Spells: 3/3 levels left

rFire   . . .      SeeInvis .   a - +0 mace
rCold   . . .      Faith    .   (no shield)
rNeg    . . .      Spirit   .   u - +1 robe of Disappointment {rElec Will- Int+3 Archmagi}
rPois   .          Reflect  .   (helmet restricted)
rElec   +          Harm     .   q - +0 cloak
rCorr   .          Rampage  .   (gloves unavailable)
Will    .....      Archmagi +   (boots unavailable)
Stlth   ++........              (no amulet)
HPRegen 0.16/turn               g - ring of willpower
MPRegen 0.09/turn               (no ring)

@: no status effects
A: large, unfitting armour, tough skin 1
a: no special abilities


You were on level 3 of the Dungeon.
You visited 1 branch of the dungeon, and saw 3 of its levels.

You collected 183 gold pieces.

Inventory:

Hand Weapons
 a - a +0 mace (weapon)
Missiles
 e - 5 boomerangs (quivered)
Armour
 q - a +0 cloak (worn)
 u - the +1 robe of Disappointment (worn) {rElec Will- Int+3 Archmagi}
   (You found it on level 3 of the Dungeon)

   Int:       It affects your intelligence (+3).
   rElec:     It insulates you from electricity.
   Archmagi:  It increases the power of your magical spells.
   Will:      It decreases your willpower.
Jewellery
 g - a ring of willpower (left hand)
Scrolls
 d - a scroll of vulnerability {unknown}
 f - a scroll of enchant weapon {unknown}
 k - 3 scrolls of enchant armour {unknown}
 m - 2 scrolls of identify {unknown}
 n - a scroll of poison {unknown}
 p - a scroll of teleportation {unknown}
 r - a scroll of noise {unknown}
Potions
 b - a potion of mutation {unknown}
 c - a potion of ambrosia
 h - a potion of brilliance {unknown}
 i - 2 potions of lignification {unknown}
 j - 2 potions of attraction {unknown}
 l - 2 potions of degeneration {unknown}
 o - a potion of might
 s - a potion of curing {unknown}
 t - 2 potions of magic {unknown}


   Skills:
 - Level 4.0 Fighting
 + Level 4.6 Maces & Flails
 - Level 2.6 Dodging
 - Level 1.4 Stealth


You had 3 spell levels left.
You didn't know any spells.
Your spell library contained the following spells:

 Spells                   Type           Power      Damage    Failure   Level
 Sandblast                Erth           0%         2d4       28%         1
 Passwall                 Tmut/Erth      0%         N/A       41%         2
 Stone Arrow              Conj/Erth      0%         3d7       65%         3


Dungeon Overview and Level Annotations

Branches:
Dungeon (3/15)

Altars:

Shops:
D:3 ==[


Innate Abilities, Weirdness & Mutations

You are too large for most types of armour.
You have tough skin. (AC +1)


Message History

The hobgoblin is severely wounded.
The hobgoblin completely misses you. The hobgoblin barely misses you.
You hit the hobgoblin.
You kill the hobgoblin!
m - 2 scrolls labelled YSOINK BIAKH (gained 1)
You see here a hobgoblin corpse.
You now have 183 gold pieces (gained 7).
b - a yellow potion The orc shouts!
You hear a shout!
The orc throws a stone.
The stone closely misses you.
A bat comes into view.
The orc throws a stone.
The stone misses you. The bat barely misses you.
The bat hits you but does no damage.
The orc shouts!
You hit the orc.
The orc is lightly wounded.
The orc barely misses you.
You hit the orc but do no damage.
The orc is lightly wounded.
The orc barely misses you. The orc closely misses you.
The orc priest hits you with a +0 club.
You hit the orc priest.
The orc priest is moderately wounded.
The orc barely misses you.
The orc priest invokes the aid of Beogh against you.
Beogh smites you!
You hit the orc priest but do no damage.
The orc priest is moderately wounded.
The orc priest drinks a potion.
The orc priest seems to grow stronger.
You closely miss the orc priest.
The orc priest is moderately wounded.
The orc hits you with a +0 hand axe.
The orc priest calls down the wrath of Beogh upon you.
Beogh smites you! The orc closely misses you.
The orc hits you with a +0 war axe!
* * * LOW HITPOINT WARNING * * *
The orc priest mumbles some strange prayers to Beogh against you.
Beogh smites you!
You die...

.# #..##.#
.#####.##.######
########.
..........#....#
#........
######....#....#
.........
###..#....#
#........ ##[.....#
#........ ...#
#.##.†.####........
...#
#......#oob...[.#
..)#
####...#@#..##..#
...# #...#o#..#
...# #...#.#..#
...# #........#
...# #..##.##.#
#.....##o#
#........#
#.##.##..#
#)..♣###.#


You could see an orc priest (strong), 2 orcs and a bat.

Vanquished Creatures
  2 adders (D:2)
  A worm (D:3)
  2 dart slugs (D:1)
  An orc (D:2)
  4 ball pythons (D:1)
  3 bats
  3 endoplasms
  2 giant cockroaches
  8 goblins
  6 hobgoblins
  3 jackals (D:1)
  5 kobolds
  2 quokkas
  7 frilled lizards
49 creatures vanquished.

Notes
Turn   | Place    | Note
-------+----------+-------------------------------------------
     0 | D:1      | Thatpatchoflichen the Ogre Monk began the quest for the
                  | Orb.
     0 | D:1      | Reached XP level 1. HP: 24/24 MP: 1/1
   197 | D:1      | Reached XP level 2. HP: 7/32 MP: 2/2
   956 | D:1      | Reached XP level 3. HP: 39/39 MP: 3/3
  1830 | D:3      | Found Dytuliem's Jewellery Boutique.
  2097 | D:2      | Reached XP level 4. HP: 38/48 MP: 4/4
  2188 | D:3      | Found Yneg's Armour Shoppe.
  2526 | D:3      | Found Butib's Jewellery Shop.
  2639 | D:3      | Identified the +1 robe of Disappointment {rElec Will- Int+3
                  | Archmagi}
  2800 | D:3      | Killed from afar by an orc priest

Illustrated notes

Levels and vault maps discovered:
D:1:      ncdulo_halloftheorcs, layout_basic, minmay_pentomino_q4
D:2:      layout_basic
D:3:      layout_basic, serial_shops, shop, nicolae_shop_trees,
          nicolae_shop_hallway_stairs, nicolae_shop_waterfront, uniq_grinder

Skill      XL: |  1  2  3 |
---------------+----------+-----
Maces & Flails | 3 4 |  4.6
Fighting       | |  4.0
Dodging        | |  2.6
Stealth        | |  1.4

Action                   |  1- 3 |  4- 6 || total
-------------------------+-------+-------++-------
Melee: Mace              |   128 |    55 ||   183
       Punch             |     2 |     1 ||     3
 Stab: Sleeping          |     2 |       ||     2
Armor: Robe              |    62 |    20 ||    82
Dodge: Dodged            |   100 |    41 ||   141
